[ PARTIDA AOE2 · #477776362 ]
Team RMPortugueses vs Malay
[ ANÁLISIS DE REPETICIÓN · EXTRAÍDO DE LA PARTIDA GRABADA ]
Feudal
13:48
Castillos
20:13
Imperial
33:20
| APM promedio | 24.0 |
| APM pico | 62 |
| eAPM promedio | 9.9 |
| Aldeanos / militares | 128 / 236 |
Foco
⚔️ 24.7% · 🌾 75.3%
Organ Gun ×211 · Trade Cart ×25 · Bombard Cannon ×25
Feudal
13:17
Castillos
19:37
Imperial
43:14
| APM promedio | 14.9 |
| APM pico | 35 |
| eAPM promedio | 10.9 |
| Aldeanos / militares | 112 / 705 |
Foco
⚔️ 41.9% · 🌾 58.1%
Battle Elephant ×216 · Militia ×160 · Spearman ×157 · Karambit Warrior ×148 · Trade Cart ×23 · Trebuchet (Packed) ×13
Feudal
10:04
Castillos
20:19
Imperial
31:35
| APM promedio | 18.2 |
| APM pico | 59 |
| eAPM promedio | 14.4 |
| Aldeanos / militares | 102 / 366 |
Foco
⚔️ 51.7% · 🌾 48.3%
Chu Ko Nu ×319 · Battering Ram ×31 · Iron Pagoda ×13 · Trade Cart ×11 · Spearman ×2 · Monk ×1
Feudal
12:56
Castillos
23:46
Imperial
31:43
| APM promedio | 18.3 |
| APM pico | 69 |
| eAPM promedio | 16.4 |
| Aldeanos / militares | 109 / 346 |
Foco
⚔️ 45.9% · 🌾 54.1%
Knight ×261 · Trade Cart ×58 · Scorpion ×31 · Throwing Axeman ×26 · Spearman ×12 · Mangonel ×10
Feudal
12:17
Castillos
16:52
Imperial
33:47
| APM promedio | 60.9 |
| APM pico | 174 |
| eAPM promedio | 17.2 |
| Aldeanos / militares | 228 / 498 |
Foco
⚔️ 27.9% · 🌾 72.1%
Mangudai ×498 · Trade Cart ×30
Feudal
11:12
Castillos
16:01
Imperial
32:21
| APM promedio | 27.5 |
| APM pico | 76 |
| eAPM promedio | 19.0 |
| Aldeanos / militares | 173 / 530 |
Foco
⚔️ 34.4% · 🌾 65.6%
Archer ×130 · Skirmisher ×79 · Mangonel ×77 · Scorpion ×69 · Shotel Warrior ×56 · Scout Cavalry ×55
Feudal
14:26
Castillos
21:08
Imperial
33:18
| APM promedio | 12.8 |
| APM pico | 26 |
| eAPM promedio | 11.3 |
| Aldeanos / militares | 110 / 885 |
Foco
⚔️ 44.9% · 🌾 55.1%
Skirmisher ×348 · Archer ×242 · Spearman ×130 · Militia ×127 · Longbowman ×33 · Trade Cart ×15
Feudal
10:43
Castillos
14:16
Imperial
30:17
| APM promedio | 36.5 |
| APM pico | 97 |
| eAPM promedio | 21.7 |
| Aldeanos / militares | 167 / 761 |
Foco
⚔️ 28.8% · 🌾 71.2%
Spearman ×723 · Bombard Cannon ×38 · Trade Cart ×22
Mapa de la partida
Recursos al inicio + cada clic de construcción. Línea gruesa = muro · recuadro discontinuo = muro de casas detectado. 🟡 oro · ⚪ piedra · 🟢 bayas · 🔶 jabalí · ⭕ reliquia
Tu base· ✓ Cerrada en 20:13 · 0t muro
Base de EvilWouter· ✓ Cerrada en 19:37 · 22t muro
Base de Kedyros· ✓ Cerrada en 20:19 · 31t muro · 1 puerta(s)
Base de KIK 9· Abierta — flanco sin cerrar
Base de 老朱· ✓ Cerrada en 16:52 · 0t muro
Base de WarLorD· Abierta — flanco sin cerrar
Base de email_to_mihai· Abierta — flanco sin cerrar
Base de ihhn0t· ✓ Cerrada en 14:16 · 31t muro
Terreno con relieve · ⚠ = hueco de muro detectado · pasá el cursor para detalles
Inputs por minuto
— Itas - - EvilWouter
Build order — Itas
Primeras 150 de 301 acciones detectadas
| 0:09 | Construir | House |
| 0:14 | Construir | House |
| 0:17 | Construir | House |
| 0:19 | Crear | Villager (Male) ×4 |
| 1:38 | Crear | Villager (Male) |
| 2:44 | Crear | Villager (Male) ×2 |
| 3:42 | Crear | Villager (Male) |
| 3:43 | Crear | Villager (Male) |
| 3:58 | Construir | House |
| 4:00 | Construir | House |
| 4:33 | Crear | Villager (Male) |
| 4:33 | Crear | Villager (Male) |
| 5:05 | Crear | Villager (Male) |
| 5:06 | Crear | Villager (Male) |
| 5:06 | Crear | Villager (Male) |
| 5:45 | Crear | Villager (Male) |
| 6:35 | Crear | Villager (Male) |
| 6:36 | Crear | Villager (Male) |
| 6:36 | Crear | Villager (Male) |
| 6:41 | Construir | Mill |
| 6:54 | Construir | Lumber Camp |
| 8:02 | Crear | Villager (Male) |
| 8:03 | Crear | Villager (Male) |
| 8:32 | Crear | Villager (Male) |
| 8:32 | Crear | Villager (Male) |
| 8:33 | Crear | Villager (Male) |
| 9:24 | Crear | Villager (Male) |
| 9:25 | Crear | Villager (Male) |
| 10:25 | Crear | Villager (Male) |
| 11:00 | Construir | Mining Camp |
| 11:13 | Construir | House |
| 11:14 | Construir | House |
| 11:15 | Construir | House |
| 11:17 | Construir | House |
| 11:27 | Investigar | Feudal Age |
| 11:59 | Construir | Farm |
| 12:00 | Construir | Farm |
| 12:01 | Construir | Farm |
| 12:04 | Construir | Farm |
| 12:05 | Construir | Farm |
| 13:27 | Construir | House |
| 13:29 | Construir | House |
| 13:30 | Construir | House |
| 13:31 | Construir | House |
| 13:40 | Crear | Villager (Male) ×5 |
| 13:48 | Edad | Edad Feudal |
| 13:55 | Construir | Market |
| 14:04 | Construir | Blacksmith |
| 14:19 | Construir | Farm |
| 14:41 | Construir | Farm |
| 14:51 | Crear | Villager (Male) |
| 15:23 | Construir | Farm |
| 15:36 | Construir | Farm |
| 15:46 | Crear | Villager (Male) |
| 15:47 | Crear | Villager (Male) |
| 16:20 | Crear | Villager (Male) |
| 17:18 | Investigar | Castle Age |
| 17:54 | Investigar | Horse Collar |
| 17:56 | Investigar | Gold Mining |
| 18:14 | Investigar | Double-Bit Axe |
| 18:28 | Investigar | Stone Mining |
| 20:01 | Crear | Villager (Male) |
| 20:02 | Crear | Villager (Male) |
| 20:03 | Crear | Villager (Male) |
| 20:13 | Edad | Edad de los Castillos |
| 20:19 | Construir | Town Center |
| 20:40 | Construir | Town Center |
| 20:56 | Construir | Market |
| 20:57 | Construir | Market |
| 21:10 | Construir | Farm |
| 21:10 | Construir | Farm |
| 21:11 | Construir | Farm |
| 21:12 | Construir | Farm |
| 21:13 | Construir | Farm |
| 21:14 | Construir | Farm |
| 21:21 | Crear | Villager (Male) |
| 21:22 | Crear | Villager (Male) |
| 21:22 | Crear | Villager (Male) |
| 21:32 | Crear | Villager (Male) |
| 21:32 | Crear | Villager (Male) |
| 21:32 | Crear | Villager (Male) |
| 21:33 | Crear | Villager (Male) |
| 21:46 | Construir | Farm |
| 22:09 | Crear | Villager (Male) |
| 22:10 | Crear | Villager (Male) |
| 22:28 | Crear | Villager (Male) |
| 22:28 | Crear | Villager (Male) |
| 22:32 | Construir | Mining Camp |
| 22:53 | Crear | Villager (Male) ×5 |
| 23:08 | Crear | Villager (Male) |
| 23:09 | Crear | Villager (Male) |
| 23:11 | Crear | Villager (Male) |
| 23:38 | Crear | Villager (Male) |
| 23:46 | Crear | Villager (Male) |
| 23:46 | Crear | Villager (Male) |
| 24:04 | Crear | Villager (Male) |
| 24:05 | Crear | Villager (Male) |
| 24:09 | Crear | Villager (Male) |
| 24:10 | Crear | Villager (Male) |
| 24:14 | Investigar | Heavy Plow |
| 24:59 | Investigar | Bow Saw |
| 25:04 | Crear | Villager (Male) |
| 25:05 | Crear | Villager (Male) |
| 25:12 | Crear | Villager (Male) ×2 |
| 26:01 | Crear | Villager (Male) |
| 26:02 | Crear | Villager (Male) |
| 26:20 | Construir | Farm |
| 26:23 | Crear | Villager (Male) |
| 26:24 | Crear | Villager (Male) |
| 26:35 | Crear | Villager (Male) |
| 26:38 | Construir | Farm |
| 26:45 | Investigar | Caravan |
| 26:52 | Construir | Farm |
| 26:59 | Construir | Farm |
| 27:02 | Crear | Villager (Male) |
| 27:04 | Crear | Villager (Male) |
| 27:06 | Crear | Villager (Male) |
| 27:14 | Construir | University |
| 27:22 | Crear | Trade Cart ×5 |
| 27:25 | Crear | Trade Cart |
| 27:25 | Crear | Trade Cart |
| 27:26 | Crear | Trade Cart |
| 27:58 | Construir | House |
| 27:59 | Construir | House |
| 28:01 | Construir | House |
| 28:03 | Construir | House |
| 28:04 | Construir | House |
| 28:14 | Construir | Farm |
| 28:15 | Construir | Farm |
| 28:19 | Construir | Farm |
| 28:20 | Construir | Farm |
| 28:32 | Construir | Farm |
| 29:03 | Construir | Castle |
| 29:23 | Crear | Villager (Male) |
| 29:23 | Crear | Villager (Male) |
| 29:30 | Crear | Villager (Male) |
| 29:31 | Crear | Villager (Male) |
| 29:35 | Crear | Villager (Male) |
| 29:35 | Crear | Villager (Male) |
| 29:36 | Crear | Villager (Male) |
| 29:36 | Crear | Villager (Male) |
| 30:07 | Construir | Farm |
| 30:10 | Investigar | Imperial Age |
| 30:18 | Construir | Farm |
| 30:20 | Construir | Farm |
| 30:24 | Crear | Villager (Male) |
| 30:25 | Crear | Villager (Male) |
| 30:30 | Investigar | Stone Shaft Mining |
| 30:41 | Investigar | Fletching |
| 30:48 | Investigar | Ballistics |
Build order — EvilWouter
Primeras 150 de 487 acciones detectadas
| 0:21 | Construir | House |
| 0:22 | Construir | House |
| 0:28 | Construir | House |
| 0:37 | Crear | Villager (Male) ×4 |
| 0:40 | Investigar | Loom |
| 1:44 | Construir | Mill |
| 2:45 | Crear | Villager (Male) |
| 2:48 | Crear | Villager (Male) |
| 3:26 | Crear | Villager (Male) |
| 3:33 | Crear | Villager (Male) |
| 4:10 | Crear | Villager (Male) |
| 4:34 | Crear | Villager (Male) |
| 4:34 | Crear | Villager (Male) |
| 5:00 | Crear | Villager (Male) |
| 5:01 | Crear | Villager (Male) |
| 6:02 | Crear | Villager (Male) |
| 6:15 | Construir | House |
| 6:16 | Construir | House |
| 6:20 | Construir | Lumber Camp |
| 7:11 | Crear | Villager (Male) |
| 7:11 | Crear | Villager (Male) |
| 7:13 | Crear | Villager (Male) |
| 7:13 | Crear | Villager (Male) |
| 7:14 | Crear | Villager (Male) |
| 7:14 | Crear | Villager (Male) |
| 7:15 | Crear | Villager (Male) |
| 7:47 | Crear | Villager (Male) |
| 8:20 | Crear | Villager (Male) ×2 |
| 8:20 | Crear | Villager (Male) ×2 |
| 9:02 | Construir | Mining Camp |
| 10:19 | Crear | Villager (Male) |
| 10:19 | Crear | Villager (Male) |
| 10:19 | Crear | Villager (Male) |
| 10:20 | Crear | Villager (Male) |
| 11:45 | Investigar | Feudal Age |
| 12:31 | Construir | House |
| 12:31 | Construir | House |
| 12:33 | Construir | House |
| 12:34 | Construir | House |
| 12:35 | Construir | House |
| 12:37 | Construir | House |
| 12:50 | Construir | Mining Camp |
| 12:59 | Construir | Mining Camp |
| 13:12 | Crear | Villager (Male) |
| 13:13 | Crear | Villager (Male) |
| 13:17 | Edad | Edad Feudal |
| 13:22 | Construir | Blacksmith |
| 13:36 | Construir | Market |
| 13:53 | Construir | Farm |
| 14:07 | Crear | Villager (Male) |
| 14:14 | Construir | Farm |
| 14:51 | Crear | Villager (Male) |
| 14:52 | Crear | Villager (Male) |
| 15:01 | Construir | Farm |
| 15:13 | Construir | Farm |
| 15:39 | Construir | Farm |
| 15:44 | Crear | Villager (Male) |
| 15:44 | Crear | Villager (Male) |
| 16:08 | Construir | Farm |
| 16:49 | Construir | Mining Camp |
| 17:31 | Construir | Mill |
| 18:01 | Investigar | Castle Age |
| 18:30 | Construir | Stone Wall |
| 18:33 | Construir | Building 487 |
| 18:43 | Investigar | Horse Collar |
| 18:54 | Construir | Farm |
| 18:56 | Construir | Farm |
| 19:04 | Investigar | Double-Bit Axe |
| 19:16 | Investigar | Town Watch |
| 19:37 | Edad | Edad de los Castillos |
| 19:40 | Crear | Villager (Male) |
| 19:52 | Construir | Farm |
| 19:54 | Crear | Villager (Male) |
| 20:07 | Construir | Farm |
| 20:12 | Construir | Farm |
| 20:17 | Crear | Villager (Male) |
| 20:49 | Investigar | Bow Saw |
| 20:50 | Crear | Villager (Male) |
| 20:50 | Crear | Villager (Male) |
| 21:15 | Crear | Villager (Male) |
| 21:15 | Crear | Villager (Male) |
| 21:21 | Construir | Farm |
| 21:26 | Crear | Villager (Male) |
| 21:26 | Crear | Villager (Male) |
| 21:41 | Construir | Castle |
| 21:45 | Investigar | Gold Mining |
| 21:59 | Crear | Villager (Male) |
| 22:32 | Investigar | Wheelbarrow |
| 22:37 | Investigar | Fletching |
| 23:05 | Crear | Villager (Male) |
| 23:06 | Crear | Villager (Male) |
| 23:16 | Crear | Villager (Male) |
| 23:28 | Construir | Town Center |
| 23:49 | Construir | Stone Wall |
| 23:58 | Construir | Stone Wall |
| 24:12 | Investigar | Bodkin Arrow |
| 24:42 | Construir | Barracks |
| 25:11 | Investigar | Scale Barding Armor |
| 25:17 | Crear | Villager (Male) ×3 |
| 25:40 | Construir | Stable |
| 25:59 | Crear | Villager (Male) ×3 |
| 25:59 | Crear | Villager (Male) ×3 |
| 26:19 | Investigar | Stone Mining |
| 26:38 | Construir | House |
| 26:38 | Construir | House |
| 26:38 | Construir | House |
| 26:39 | Construir | House |
| 26:41 | Construir | House |
| 26:41 | Construir | House |
| 26:46 | Construir | House |
| 26:48 | Construir | House |
| 26:50 | Construir | House |
| 26:52 | Construir | House |
| 27:01 | Crear | Villager (Male) ×2 |
| 27:02 | Crear | Villager (Male) ×3 |
| 27:14 | Construir | Building 487 |
| 27:36 | Investigar | Husbandry |
| 27:48 | Crear | Villager (Male) |
| 27:57 | Crear | Villager (Male) |
| 28:18 | Construir | Town Center |
| 28:27 | Crear | Villager (Male) ×3 |
| 28:43 | Construir | Farm |
| 28:45 | Construir | Farm |
| 28:49 | Construir | Farm |
| 29:14 | Crear | Villager (Male) ×4 |
| 29:32 | Construir | Monastery |
| 29:43 | Crear | Battle Elephant |
| 29:43 | Crear | Battle Elephant |
| 29:50 | Crear | Battle Elephant |
| 30:04 | Crear | Villager (Male) |
| 30:05 | Crear | Villager (Male) ×2 |
| 30:05 | Crear | Villager (Male) |
| 30:17 | Crear | Villager (Male) |
| 30:26 | Construir | Farm |
| 30:41 | Construir | Mill |
| 31:04 | Crear | Monk |
| 31:10 | Crear | Battle Elephant ×4 |
| 31:10 | Crear | Battle Elephant ×4 |
| 31:22 | Crear | Villager (Male) |
| 31:40 | Construir | Farm |
| 31:41 | Construir | Farm |
| 31:42 | Construir | Farm |
| 31:44 | Construir | Farm |
| 31:57 | Construir | Farm |
| 31:58 | Construir | Farm |
| 31:59 | Construir | Farm |
| 32:41 | Construir | Stable |
| 32:41 | Construir | Stable |
| 32:47 | Crear | Battle Elephant ×5 |
| 32:47 | Crear | Battle Elephant ×5 |
Build order — Kedyros
Primeras 150 de 609 acciones detectadas
| 0:20 | Investigar | Loom |
| 0:56 | Crear | Villager (Male) |
| 1:20 | Crear | Villager (Male) |
| 1:32 | Construir | House |
| 1:33 | Construir | House |
| 1:51 | Crear | Villager (Male) |
| 2:14 | Crear | Villager (Male) |
| 2:28 | Construir | Lumber Camp |
| 2:37 | Crear | Villager (Male) |
| 3:08 | Crear | Villager (Male) |
| 3:44 | Crear | Villager (Male) |
| 4:16 | Crear | Villager (Male) |
| 4:50 | Crear | Villager (Male) |
| 5:16 | Construir | House |
| 5:26 | Crear | Villager (Male) |
| 5:27 | Crear | Villager (Male) |
| 5:30 | Crear | Villager (Male) |
| 5:30 | Crear | Villager (Male) |
| 5:56 | Construir | Mill |
| 6:02 | Crear | Villager (Male) |
| 6:32 | Construir | House |
| 7:33 | Construir | Palisade Wall |
| 7:40 | Construir | Palisade Wall |
| 7:54 | Investigar | Feudal Age |
| 8:05 | Construir | Mining Camp |
| 9:02 | Crear | Villager (Male) |
| 9:02 | Crear | Villager (Male) |
| 9:25 | Construir | Palisade Gate |
| 9:49 | Crear | Villager (Male) |
| 10:04 | Edad | Edad Feudal |
| 10:06 | Investigar | Double-Bit Axe |
| 10:09 | Crear | Villager (Male) |
| 10:13 | Investigar | Horse Collar |
| 10:31 | Construir | Farm |
| 10:33 | Construir | Farm |
| 10:45 | Crear | Villager (Male) |
| 11:10 | Construir | House |
| 11:11 | Construir | House |
| 11:18 | Crear | Villager (Male) |
| 11:40 | Crear | Villager (Male) |
| 11:55 | Construir | Lumber Camp |
| 12:03 | Crear | Villager (Male) |
| 12:28 | Construir | Mining Camp |
| 12:49 | Crear | Villager (Male) |
| 13:03 | Construir | Farm |
| 13:08 | Crear | Villager (Male) |
| 13:09 | Crear | Villager (Male) |
| 13:36 | Construir | Market |
| 14:04 | Crear | Villager (Male) |
| 14:15 | Construir | Blacksmith |
| 14:21 | Construir | Farm |
| 14:39 | Crear | Villager (Male) |
| 14:42 | Construir | Farm |
| 14:49 | Construir | Farm |
| 15:02 | Crear | Villager (Male) |
| 15:37 | Construir | Farm |
| 15:41 | Construir | Farm |
| 15:46 | Construir | Farm |
| 15:51 | Crear | Villager (Male) |
| 16:08 | Construir | Farm |
| 16:15 | Crear | Villager (Male) |
| 16:25 | Construir | Farm |
| 16:49 | Construir | Farm |
| 16:53 | Crear | Villager (Male) |
| 17:27 | Construir | Farm |
| 17:39 | Investigar | Castle Age |
| 18:15 | Investigar | Fletching |
| 18:47 | Investigar | Gold Mining |
| 20:04 | Construir | Lumber Camp |
| 20:19 | Crear | Villager (Male) |
| 20:19 | Crear | Villager (Male) |
| 20:19 | Edad | Edad de los Castillos |
| 20:25 | Construir | Town Center |
| 20:39 | Construir | Town Center |
| 21:04 | Crear | Villager (Male) |
| 21:04 | Crear | Villager (Male) |
| 21:25 | Construir | Castle |
| 21:43 | Crear | Villager (Male) |
| 21:44 | Crear | Villager (Male) |
| 21:53 | Investigar | Heavy Plow |
| 21:58 | Crear | Villager (Male) |
| 21:58 | Crear | Villager (Male) |
| 21:58 | Crear | Villager (Male) |
| 21:59 | Crear | Villager (Male) |
| 21:59 | Crear | Villager (Male) |
| 22:07 | Construir | Farm |
| 22:12 | Construir | Farm |
| 22:18 | Construir | Farm |
| 22:23 | Construir | Farm |
| 22:31 | Crear | Villager (Male) |
| 22:34 | Crear | Villager (Male) |
| 22:35 | Crear | Villager (Male) |
| 22:35 | Crear | Villager (Male) |
| 22:42 | Crear | Villager (Male) |
| 22:42 | Crear | Villager (Male) |
| 22:43 | Crear | Villager (Male) |
| 22:43 | Crear | Villager (Male) |
| 22:50 | Crear | Villager (Male) |
| 22:50 | Crear | Villager (Male) |
| 22:50 | Crear | Villager (Male) |
| 23:05 | Construir | University |
| 23:17 | Crear | Villager (Male) |
| 23:19 | Crear | Villager (Male) |
| 23:20 | Crear | Villager (Male) |
| 23:21 | Crear | Villager (Male) |
| 23:26 | Construir | Farm |
| 23:39 | Crear | Villager (Male) |
| 23:40 | Crear | Villager (Male) |
| 23:49 | Construir | Farm |
| 23:55 | Construir | Farm |
| 24:05 | Construir | Farm |
| 24:09 | Construir | Farm |
| 24:18 | Construir | Farm |
| 24:22 | Crear | Villager (Male) |
| 24:23 | Crear | Villager (Male) |
| 24:23 | Crear | Villager (Male) |
| 24:24 | Crear | Villager (Male) |
| 24:36 | Construir | Mining Camp |
| 24:42 | Crear | Villager (Male) |
| 24:44 | Crear | Villager (Male) |
| 24:47 | Crear | Villager (Male) |
| 24:59 | Construir | Monastery |
| 25:13 | Construir | House |
| 25:14 | Construir | House |
| 25:16 | Construir | House |
| 25:17 | Construir | House |
| 25:19 | Construir | House |
| 25:21 | Construir | House |
| 25:22 | Construir | House |
| 25:24 | Construir | House |
| 25:26 | Construir | House |
| 25:27 | Construir | House |
| 25:40 | Crear | Trade Cart |
| 25:41 | Crear | Trade Cart |
| 25:41 | Crear | Trade Cart |
| 25:41 | Crear | Trade Cart |
| 25:41 | Crear | Trade Cart |
| 25:42 | Crear | Trade Cart |
| 25:55 | Construir | Mining Camp |
| 26:00 | Crear | Monk |
| 26:20 | Crear | Villager (Male) |
| 26:20 | Crear | Villager (Male) |
| 26:20 | Crear | Villager (Male) |
| 26:21 | Crear | Villager (Male) |
| 26:23 | Crear | Villager (Male) |
| 26:23 | Crear | Villager (Male) |
| 26:24 | Crear | Villager (Male) |
| 26:33 | Crear | Villager (Male) |
| 26:34 | Crear | Villager (Male) |
| 26:34 | Crear | Villager (Male) |
Build order — KIK 9
Primeras 150 de 785 acciones detectadas
| 0:02 | Crear | Villager (Male) |
| 0:03 | Crear | Villager (Male) |
| 0:03 | Crear | Villager (Male) |
| 0:03 | Crear | Villager (Male) |
| 0:04 | Crear | Villager (Male) |
| 0:08 | Construir | House |
| 0:11 | Construir | House |
| 0:13 | Construir | House |
| 1:45 | Crear | Villager (Male) |
| 1:45 | Crear | Villager (Male) |
| 2:22 | Crear | Villager (Male) |
| 2:22 | Crear | Villager (Male) |
| 2:46 | Crear | Villager (Male) |
| 2:46 | Crear | Villager (Male) |
| 3:12 | Crear | Villager (Male) |
| 3:12 | Crear | Villager (Male) |
| 3:17 | Construir | Mill |
| 3:28 | Crear | Villager (Male) |
| 4:04 | Crear | Villager (Male) |
| 4:04 | Crear | Villager (Male) |
| 4:15 | Construir | Mill |
| 4:21 | Crear | Villager (Male) |
| 4:21 | Crear | Villager (Male) |
| 4:52 | Crear | Villager (Male) |
| 5:06 | Crear | Villager (Male) |
| 5:33 | Crear | Villager (Male) |
| 5:34 | Crear | Villager (Male) |
| 5:47 | Construir | House |
| 5:55 | Construir | Lumber Camp |
| 6:07 | Crear | Villager (Male) |
| 6:08 | Crear | Villager (Male) |
| 6:33 | Crear | Villager (Male) |
| 6:33 | Crear | Villager (Male) |
| 7:26 | Crear | Villager (Male) |
| 7:26 | Crear | Villager (Male) |
| 7:56 | Construir | House |
| 7:58 | Construir | House |
| 8:11 | Crear | Villager (Male) |
| 8:11 | Crear | Villager (Male) |
| 8:50 | Construir | Mill |
| 8:55 | Crear | Villager (Male) |
| 8:55 | Crear | Villager (Male) |
| 9:28 | Construir | Barracks |
| 9:38 | Crear | Villager (Male) |
| 9:38 | Crear | Villager (Male) |
| 10:28 | Investigar | Feudal Age |
| 11:04 | Construir | Mining Camp |
| 11:56 | Crear | Villager (Male) |
| 11:56 | Crear | Villager (Male) |
| 11:56 | Crear | Villager (Male) |
| 12:22 | Construir | Mining Camp |
| 12:49 | Construir | Lumber Camp |
| 12:56 | Edad | Edad Feudal |
| 13:12 | Construir | Stone Wall |
| 13:18 | Construir | Building 487 |
| 13:20 | Construir | Building 487 |
| 13:22 | Construir | Building 487 |
| 13:29 | Construir | Mining Camp |
| 13:40 | Construir | Farm |
| 13:42 | Construir | Farm |
| 13:43 | Construir | Farm |
| 13:44 | Construir | Farm |
| 14:31 | Crear | Villager (Male) |
| 14:31 | Crear | Villager (Male) |
| 14:31 | Crear | Villager (Male) |
| 14:32 | Crear | Villager (Male) |
| 14:40 | Investigar | Double-Bit Axe |
| 15:04 | Construir | Farm |
| 15:05 | Construir | Farm |
| 15:05 | Construir | Farm |
| 15:05 | Construir | Farm |
| 15:06 | Construir | Farm |
| 15:06 | Construir | Farm |
| 15:06 | Construir | Farm |
| 15:07 | Construir | Farm |
| 15:08 | Construir | Farm |
| 15:08 | Construir | Farm |
| 15:09 | Construir | Farm |
| 15:09 | Construir | Farm |
| 15:09 | Construir | Farm |
| 15:10 | Construir | Farm |
| 15:10 | Construir | Farm |
| 15:21 | Construir | House |
| 15:22 | Construir | House |
| 15:23 | Construir | House |
| 16:11 | Crear | Villager (Male) |
| 16:11 | Crear | Villager (Male) |
| 16:12 | Crear | Villager (Male) |
| 16:37 | Construir | Market |
| 16:50 | Construir | Blacksmith |
| 17:13 | Construir | Stable |
| 17:22 | Construir | Mining Camp |
| 17:27 | Construir | Farm |
| 17:31 | Construir | Farm |
| 17:31 | Construir | Farm |
| 17:31 | Construir | Farm |
| 17:32 | Construir | Farm |
| 17:45 | Crear | Villager (Male) |
| 17:46 | Crear | Villager (Male) |
| 17:46 | Crear | Villager (Male) |
| 18:29 | Construir | Farm |
| 18:30 | Construir | Farm |
| 18:30 | Construir | Farm |
| 18:31 | Construir | Farm |
| 18:32 | Construir | Farm |
| 18:32 | Construir | Farm |
| 18:35 | Construir | Farm |
| 18:36 | Construir | Farm |
| 18:38 | Construir | Farm |
| 18:44 | Crear | Villager (Male) |
| 18:45 | Crear | Villager (Male) |
| 18:45 | Crear | Villager (Male) |
| 18:46 | Crear | Villager (Male) |
| 18:50 | Crear | Villager (Male) |
| 18:50 | Crear | Villager (Male) |
| 18:54 | Crear | Trade Cart |
| 19:49 | Construir | House |
| 19:49 | Construir | House |
| 19:50 | Construir | House |
| 19:50 | Construir | House |
| 19:51 | Construir | House |
| 19:51 | Construir | House |
| 20:23 | Crear | Villager (Male) |
| 20:24 | Investigar | Castle Age |
| 20:56 | Investigar | Stone Mining |
| 20:58 | Investigar | Gold Mining |
| 21:01 | Investigar | Scale Barding Armor |
| 21:07 | Crear | Trade Cart |
| 21:07 | Crear | Trade Cart |
| 21:09 | Crear | Trade Cart |
| 21:34 | Construir | House |
| 21:34 | Construir | House |
| 21:35 | Construir | House |
| 21:35 | Construir | House |
| 21:36 | Construir | House |
| 21:41 | Construir | Market |
| 22:17 | Crear | Villager (Male) |
| 22:17 | Crear | Villager (Male) |
| 22:18 | Crear | Villager (Male) |
| 23:46 | Edad | Edad de los Castillos |
| 23:59 | Construir | Castle |
| 24:23 | Construir | Town Center |
| 24:29 | Crear | Villager (Male) |
| 24:29 | Crear | Villager (Male) |
| 24:29 | Crear | Villager (Male) |
| 24:33 | Investigar | Bow Saw |
| 24:45 | Construir | Town Center |
| 25:05 | Construir | Stable |
| 25:05 | Construir | Stable |
| 25:05 | Construir | Stable |
Build order — 老朱
Primeras 150 de 349 acciones detectadas
| 0:02 | Investigar | Loom |
| 0:03 | Crear | Villager (Male) ×4 |
| 0:03 | Crear | Villager (Male) ×4 |
| 0:11 | Construir | House |
| 0:42 | Construir | House |
| 0:44 | Construir | House |
| 1:36 | Crear | Villager (Male) |
| 1:44 | Construir | House |
| 2:37 | Crear | Villager (Male) |
| 2:37 | Crear | Villager (Male) |
| 2:50 | Crear | Villager (Male) |
| 2:50 | Crear | Villager (Male) |
| 3:07 | Crear | Villager (Male) |
| 3:07 | Crear | Villager (Male) |
| 3:23 | Crear | Villager (Male) |
| 3:24 | Crear | Villager (Male) |
| 3:47 | Crear | Villager (Male) ×2 |
| 3:48 | Crear | Villager (Male) ×2 |
| 4:30 | Crear | Villager (Male) ×2 |
| 4:31 | Crear | Villager (Male) ×2 |
| 4:31 | Crear | Villager (Male) ×2 |
| 4:42 | Crear | Villager (Male) |
| 4:42 | Crear | Villager (Male) |
| 4:57 | Crear | Villager (Male) ×2 |
| 4:57 | Crear | Villager (Male) ×2 |
| 5:08 | Construir | Mill |
| 6:10 | Crear | Villager (Male) |
| 6:11 | Crear | Villager (Male) |
| 6:23 | Construir | Lumber Camp |
| 6:54 | Crear | Villager (Male) ×5 |
| 6:54 | Crear | Villager (Male) ×5 |
| 6:55 | Crear | Villager (Male) ×5 |
| 7:31 | Construir | Mining Camp |
| 7:40 | Construir | Mining Camp |
| 7:52 | Construir | House |
| 7:53 | Construir | House |
| 7:54 | Construir | House |
| 9:40 | Investigar | Feudal Age |
| 9:41 | Investigar | Feudal Age |
| 12:08 | Crear | Villager (Male) |
| 12:08 | Crear | Villager (Male) |
| 12:17 | Edad | Edad Feudal |
| 12:29 | Construir | Blacksmith |
| 12:47 | Construir | Market |
| 12:57 | Crear | Villager (Male) |
| 12:58 | Crear | Villager (Male) |
| 14:12 | Investigar | Castle Age |
| 14:12 | Investigar | Castle Age |
| 14:23 | Construir | House |
| 14:24 | Construir | House |
| 14:24 | Construir | House |
| 14:25 | Construir | House |
| 16:26 | Construir | House |
| 16:32 | Investigar | Double-Bit Axe |
| 16:41 | Construir | Farm |
| 16:52 | Edad | Edad de los Castillos |
| 16:55 | Construir | Town Center |
| 16:59 | Investigar | Wheelbarrow |
| 17:00 | Crear | Villager (Male) ×5 |
| 17:12 | Construir | Town Center |
| 17:32 | Construir | Farm |
| 17:32 | Construir | Farm |
| 17:33 | Construir | Farm |
| 17:35 | Construir | Farm |
| 17:36 | Construir | Farm |
| 17:37 | Construir | Farm |
| 17:39 | Construir | Farm |
| 17:50 | Construir | Lumber Camp |
| 18:14 | Crear | Villager (Male) ×5 |
| 18:23 | Construir | Farm |
| 18:24 | Construir | Farm |
| 18:28 | Construir | Farm |
| 18:29 | Construir | Farm |
| 18:32 | Crear | Villager (Male) |
| 19:00 | Crear | Villager (Male) ×2 |
| 19:01 | Crear | Villager (Male) ×2 |
| 19:01 | Crear | Villager (Male) ×2 |
| 19:35 | Investigar | Horse Collar |
| 19:35 | Investigar | Horse Collar |
| 19:44 | Crear | Villager (Male) ×2 |
| 19:45 | Crear | Villager (Male) ×2 |
| 19:45 | Crear | Villager (Male) ×2 |
| 20:03 | Construir | Farm |
| 20:04 | Construir | Farm |
| 20:05 | Construir | Farm |
| 20:07 | Construir | Farm |
| 20:08 | Construir | Farm |
| 20:09 | Construir | Farm |
| 20:11 | Construir | Farm |
| 20:20 | Crear | Villager (Male) ×4 |
| 20:20 | Crear | Villager (Male) ×4 |
| 20:20 | Crear | Villager (Male) ×4 |
| 20:20 | Crear | Villager (Male) ×4 |
| 20:37 | Construir | Farm |
| 20:41 | Crear | Villager (Male) |
| 20:41 | Crear | Villager (Male) |
| 20:41 | Crear | Villager (Male) |
| 20:53 | Crear | Villager (Male) ×2 |
| 20:53 | Crear | Villager (Male) ×2 |
| 20:53 | Crear | Villager (Male) ×2 |
| 21:10 | Construir | Farm |
| 21:11 | Construir | Farm |
| 21:12 | Construir | Farm |
| 21:14 | Construir | Farm |
| 21:15 | Construir | Farm |
| 21:16 | Construir | Farm |
| 21:34 | Crear | Villager (Male) ×5 |
| 21:34 | Crear | Villager (Male) ×5 |
| 21:34 | Crear | Villager (Male) |
| 21:47 | Construir | Farm |
| 22:21 | Crear | Villager (Male) ×5 |
| 22:21 | Crear | Villager (Male) ×5 |
| 22:26 | Construir | Farm |
| 22:40 | Construir | Town Center |
| 22:58 | Construir | Mining Camp |
| 23:06 | Construir | House |
| 23:07 | Construir | House |
| 23:07 | Construir | House |
| 23:08 | Construir | House |
| 23:13 | Construir | House |
| 23:28 | Investigar | Hand Cart |
| 23:32 | Crear | Villager (Male) ×5 |
| 23:57 | Crear | Villager (Male) ×5 |
| 24:04 | Construir | Farm |
| 24:04 | Construir | Farm |
| 24:05 | Construir | Farm |
| 24:06 | Construir | Farm |
| 24:08 | Construir | Farm |
| 24:17 | Crear | Villager (Male) ×5 |
| 24:26 | Construir | Lumber Camp |
| 24:37 | Construir | Farm |
| 24:44 | Crear | Villager (Male) ×5 |
| 24:47 | Investigar | Gold Mining |
| 24:48 | Investigar | Gold Mining |
| 24:55 | Investigar | Stone Mining |
| 24:55 | Investigar | Stone Mining |
| 25:01 | Crear | Villager (Male) ×2 |
| 25:05 | Crear | Villager (Male) |
| 25:06 | Crear | Villager (Male) |
| 25:27 | Construir | Lumber Camp |
| 25:39 | Construir | Farm |
| 25:44 | Crear | Villager (Male) ×5 |
| 25:47 | Crear | Villager (Male) ×5 |
| 25:52 | Crear | Villager (Male) ×3 |
| 26:01 | Construir | House |
| 26:02 | Construir | House |
| 26:03 | Construir | House |
| 26:03 | Construir | House |
| 26:04 | Construir | House |
| 26:21 | Investigar | Bow Saw |
Build order — WarLorD
Primeras 150 de 627 acciones detectadas
| 0:02 | Crear | Villager (Male) |
| 0:03 | Crear | Villager (Male) |
| 0:03 | Crear | Villager (Male) |
| 0:03 | Crear | Villager (Male) |
| 0:05 | Construir | House |
| 0:07 | Construir | House |
| 1:28 | Crear | Villager (Male) |
| 1:28 | Crear | Villager (Male) |
| 1:57 | Construir | Lumber Camp |
| 2:12 | Crear | Villager (Male) |
| 2:12 | Crear | Villager (Male) |
| 2:47 | Crear | Villager (Male) |
| 2:47 | Crear | Villager (Male) |
| 3:02 | Crear | Villager (Male) |
| 3:02 | Crear | Villager (Male) |
| 3:28 | Construir | House |
| 3:35 | Crear | Villager (Male) |
| 3:35 | Crear | Villager (Male) |
| 3:46 | Crear | Villager (Male) |
| 3:46 | Crear | Villager (Male) |
| 4:07 | Crear | Villager (Male) |
| 4:08 | Crear | Villager (Male) |
| 4:18 | Construir | Mill |
| 4:37 | Crear | Villager (Male) |
| 4:38 | Crear | Villager (Male) |
| 4:52 | Crear | Villager (Male) |
| 4:53 | Crear | Villager (Male) |
| 5:35 | Crear | Villager (Male) |
| 5:35 | Crear | Villager (Male) |
| 5:37 | Crear | Villager (Male) |
| 5:37 | Crear | Villager (Male) |
| 5:51 | Construir | House |
| 6:06 | Crear | Villager (Male) |
| 6:36 | Crear | Villager (Male) |
| 6:36 | Crear | Villager (Male) |
| 7:04 | Crear | Villager (Male) |
| 7:17 | Crear | Villager (Male) |
| 7:49 | Crear | Villager (Male) |
| 8:16 | Crear | Villager (Male) |
| 8:25 | Construir | Mill |
| 8:56 | Investigar | Feudal Age |
| 9:01 | Construir | House |
| 9:14 | Construir | Farm |
| 9:18 | Construir | Farm |
| 11:11 | Construir | Palisade Wall |
| 11:12 | Edad | Edad Feudal |
| 11:29 | Construir | Market |
| 11:31 | Construir | Blacksmith |
| 11:56 | Construir | Farm |
| 11:57 | Construir | Farm |
| 12:11 | Investigar | Double-Bit Axe |
| 12:43 | Investigar | Horse Collar |
| 13:01 | Construir | House |
| 13:02 | Construir | House |
| 13:21 | Investigar | Castle Age |
| 15:06 | Construir | Farm |
| 15:09 | Crear | Villager (Male) |
| 15:09 | Crear | Villager (Male) |
| 15:10 | Crear | Villager (Male) |
| 15:10 | Crear | Villager (Male) |
| 16:01 | Edad | Edad de los Castillos |
| 16:05 | Construir | Town Center |
| 16:22 | Crear | Villager (Male) |
| 16:51 | Construir | Town Center |
| 16:56 | Crear | Villager (Male) |
| 16:58 | Crear | Villager (Male) |
| 16:59 | Crear | Villager (Male) |
| 16:59 | Crear | Villager (Male) |
| 17:00 | Crear | Villager (Male) |
| 17:33 | Investigar | Bow Saw |
| 17:34 | Investigar | Bow Saw |
| 17:39 | Crear | Villager (Male) |
| 17:40 | Crear | Villager (Male) |
| 17:41 | Crear | Villager (Male) |
| 17:41 | Crear | Villager (Male) |
| 17:42 | Crear | Villager (Male) |
| 17:46 | Crear | Villager (Male) |
| 17:46 | Crear | Villager (Male) |
| 17:47 | Crear | Villager (Male) |
| 18:06 | Crear | Villager (Male) |
| 18:13 | Construir | Farm |
| 18:27 | Investigar | Loom |
| 18:29 | Crear | Villager (Male) |
| 18:29 | Crear | Villager (Male) |
| 18:29 | Crear | Villager (Male) |
| 18:38 | Construir | Farm |
| 18:49 | Construir | Farm |
| 19:00 | Construir | Farm |
| 19:06 | Crear | Villager (Male) |
| 19:14 | Construir | Farm |
| 19:16 | Construir | Farm |
| 19:17 | Crear | Villager (Male) |
| 19:37 | Crear | Villager (Male) |
| 19:53 | Construir | Farm |
| 19:55 | Construir | Farm |
| 19:58 | Crear | Villager (Male) |
| 20:07 | Crear | Villager (Male) |
| 20:16 | Construir | Farm |
| 20:19 | Construir | Farm |
| 20:30 | Construir | Farm |
| 20:31 | Construir | Farm |
| 20:33 | Crear | Villager (Male) |
| 20:36 | Crear | Villager (Male) |
| 20:40 | Construir | House |
| 20:41 | Construir | House |
| 20:50 | Crear | Villager (Male) |
| 20:51 | Crear | Villager (Male) |
| 20:57 | Construir | Lumber Camp |
| 21:03 | Crear | Villager (Male) |
| 21:03 | Crear | Villager (Male) |
| 21:11 | Crear | Villager (Male) |
| 21:11 | Crear | Villager (Male) |
| 21:16 | Construir | Farm |
| 21:18 | Construir | Farm |
| 21:28 | Crear | Villager (Male) |
| 21:32 | Crear | Villager (Male) |
| 21:37 | Crear | Villager (Male) |
| 21:46 | Construir | House |
| 21:48 | Construir | House |
| 21:50 | Construir | House |
| 21:51 | Construir | House |
| 21:52 | Crear | Villager (Male) |
| 22:01 | Construir | Farm |
| 22:02 | Construir | Farm |
| 22:04 | Construir | Farm |
| 22:05 | Crear | Villager (Male) |
| 22:07 | Crear | Villager (Male) |
| 22:17 | Crear | Villager (Male) |
| 22:24 | Construir | Farm |
| 22:25 | Construir | Farm |
| 22:27 | Crear | Villager (Male) |
| 22:32 | Crear | Villager (Male) |
| 22:32 | Crear | Villager (Male) |
| 22:35 | Crear | Villager (Male) |
| 22:36 | Crear | Villager (Male) |
| 22:48 | Construir | Farm |
| 22:49 | Construir | Farm |
| 22:49 | Construir | Farm |
| 22:50 | Construir | Farm |
| 22:52 | Construir | Farm |
| 22:53 | Construir | Farm |
| 23:02 | Crear | Villager (Male) |
| 23:03 | Crear | Villager (Male) |
| 23:07 | Investigar | Wheelbarrow |
| 23:07 | Investigar | Wheelbarrow |
| 23:14 | Crear | Villager (Male) |
| 23:18 | Crear | Villager (Male) |
| 23:27 | Construir | Farm |
| 23:29 | Construir | Farm |
| 23:30 | Construir | Farm |
Build order — email_to_mihai
Primeras 150 de 512 acciones detectadas
| 0:06 | Crear | Villager (Male) |
| 0:12 | Construir | House |
| 0:14 | Construir | House |
| 0:34 | Crear | Villager (Male) |
| 0:34 | Crear | Villager (Male) |
| 0:56 | Investigar | Loom |
| 0:57 | Crear | Villager (Male) |
| 1:14 | Construir | House |
| 1:36 | Investigar | Loom |
| 2:37 | Crear | Villager (Male) |
| 2:37 | Crear | Villager (Male) |
| 3:17 | Crear | Villager (Male) |
| 3:17 | Crear | Villager (Male) |
| 4:05 | Crear | Villager (Male) |
| 4:05 | Crear | Villager (Male) |
| 4:41 | Construir | Palisade Wall |
| 4:55 | Crear | Villager (Male) |
| 4:55 | Crear | Villager (Male) |
| 6:10 | Construir | House |
| 6:25 | Crear | Villager (Male) |
| 6:26 | Crear | Villager (Male) |
| 6:26 | Crear | Villager (Male) |
| 6:35 | Construir | Mill |
| 6:42 | Crear | Villager (Male) |
| 7:22 | Crear | Villager (Male) |
| 7:29 | Construir | Lumber Camp |
| 7:49 | Construir | Palisade Wall |
| 7:57 | Construir | House |
| 7:58 | Construir | House |
| 8:22 | Crear | Villager (Male) |
| 8:22 | Crear | Villager (Male) |
| 9:19 | Crear | Villager (Male) |
| 9:20 | Crear | Villager (Male) |
| 10:03 | Construir | Mining Camp |
| 10:10 | Crear | Villager (Male) |
| 10:10 | Crear | Villager (Male) |
| 10:26 | Construir | Barracks |
| 10:50 | Crear | Villager (Male) |
| 10:50 | Crear | Villager (Male) |
| 11:17 | Construir | Lumber Camp |
| 11:38 | Crear | Villager (Male) |
| 11:40 | Investigar | Feudal Age |
| 11:56 | Construir | Mining Camp |
| 13:12 | Construir | House |
| 13:13 | Construir | House |
| 13:15 | Construir | House |
| 13:15 | Construir | House |
| 13:17 | Construir | House |
| 13:19 | Construir | House |
| 14:07 | Construir | Mining Camp |
| 14:26 | Edad | Edad Feudal |
| 14:40 | Crear | Villager (Male) |
| 14:59 | Construir | Blacksmith |
| 15:10 | Crear | Villager (Male) |
| 15:22 | Construir | Archery Range |
| 15:29 | Crear | Villager (Male) |
| 15:46 | Construir | Farm |
| 15:47 | Construir | Farm |
| 15:47 | Construir | Farm |
| 15:48 | Construir | Farm |
| 15:49 | Construir | Farm |
| 15:53 | Crear | Villager (Male) |
| 16:29 | Crear | Villager (Male) |
| 16:45 | Construir | Farm |
| 16:45 | Construir | Farm |
| 16:46 | Construir | Farm |
| 16:47 | Construir | Farm |
| 16:55 | Crear | Villager (Male) |
| 17:46 | Construir | Farm |
| 17:47 | Construir | Farm |
| 17:48 | Construir | Farm |
| 17:49 | Construir | Farm |
| 17:53 | Crear | Villager (Male) |
| 18:28 | Investigar | Castle Age |
| 19:11 | Investigar | Double-Bit Axe |
| 19:30 | Investigar | Stone Mining |
| 19:49 | Investigar | Horse Collar |
| 20:13 | Investigar | Gold Mining |
| 21:08 | Edad | Edad de los Castillos |
| 21:12 | Crear | Villager (Male) |
| 21:12 | Crear | Villager (Male) |
| 21:29 | Construir | Town Center |
| 21:52 | Construir | Town Center |
| 22:40 | Construir | Castle |
| 23:06 | Construir | Stone Wall |
| 23:17 | Crear | Villager (Male) |
| 23:17 | Crear | Villager (Male) |
| 23:18 | Investigar | Wheelbarrow |
| 23:26 | Construir | Town Center |
| 23:33 | Crear | Villager (Male) |
| 23:33 | Crear | Villager (Male) |
| 23:43 | Construir | Farm |
| 23:44 | Construir | Farm |
| 23:44 | Construir | Farm |
| 23:48 | Crear | Villager (Male) |
| 23:48 | Crear | Villager (Male) |
| 23:52 | Crear | Villager (Male) |
| 23:52 | Crear | Villager (Male) |
| 23:58 | Construir | Farm |
| 23:59 | Construir | Farm |
| 24:03 | Investigar | Bow Saw |
| 24:06 | Crear | Villager (Male) |
| 24:06 | Crear | Villager (Male) |
| 24:30 | Construir | Siege Workshop |
| 24:37 | Crear | Villager (Male) |
| 24:37 | Crear | Villager (Male) |
| 24:46 | Crear | Villager (Male) |
| 24:48 | Crear | Villager (Male) |
| 24:48 | Crear | Villager (Male) |
| 24:54 | Construir | Farm |
| 24:55 | Construir | Farm |
| 25:00 | Investigar | Fletching |
| 25:05 | Crear | Longbowman |
| 25:05 | Crear | Longbowman |
| 25:06 | Crear | Longbowman |
| 25:27 | Crear | Villager (Male) |
| 25:33 | Construir | Farm |
| 25:34 | Construir | Farm |
| 25:34 | Construir | Farm |
| 25:39 | Crear | Villager (Male) |
| 25:44 | Crear | Villager (Male) |
| 25:44 | Crear | Villager (Male) |
| 25:54 | Construir | Farm |
| 25:54 | Construir | Farm |
| 25:55 | Construir | Farm |
| 25:56 | Construir | Farm |
| 26:05 | Crear | Villager (Male) |
| 26:05 | Crear | Villager (Male) |
| 26:11 | Construir | Farm |
| 26:23 | Construir | Farm |
| 26:51 | Construir | Town Center |
| 26:59 | Crear | Villager (Male) |
| 26:59 | Crear | Villager (Male) |
| 27:02 | Crear | Villager (Male) |
| 27:02 | Crear | Villager (Male) |
| 27:07 | Construir | Farm |
| 27:08 | Construir | Farm |
| 27:15 | Crear | Villager (Male) |
| 27:29 | Construir | Farm |
| 27:30 | Construir | Farm |
| 27:50 | Construir | Archery Range |
| 27:51 | Construir | Archery Range |
| 27:56 | Crear | Longbowman |
| 27:56 | Crear | Longbowman |
| 27:56 | Crear | Longbowman |
| 28:06 | Crear | Villager (Male) |
| 28:06 | Crear | Villager (Male) |
| 28:16 | Construir | Farm |
| 28:17 | Construir | Farm |
| 28:26 | Crear | Villager (Male) |
Build order — ihhn0t
Primeras 150 de 552 acciones detectadas
| 0:07 | Crear | Villager (Male) |
| 0:07 | Crear | Villager (Male) |
| 0:07 | Crear | Villager (Male) |
| 0:08 | Crear | Villager (Male) |
| 0:11 | Construir | House |
| 0:15 | Construir | House |
| 1:33 | Crear | Villager (Male) |
| 1:33 | Crear | Villager (Male) |
| 1:33 | Crear | Villager (Male) |
| 1:54 | Construir | Lumber Camp |
| 2:12 | Crear | Villager (Male) |
| 2:32 | Crear | Villager (Male) |
| 2:32 | Crear | Villager (Male) |
| 3:01 | Crear | Villager (Male) |
| 3:30 | Crear | Villager (Male) |
| 3:41 | Construir | House |
| 4:01 | Crear | Villager (Male) |
| 4:02 | Crear | Villager (Male) |
| 4:17 | Construir | House |
| 4:56 | Construir | Mill |
| 5:04 | Crear | Villager (Male) |
| 5:04 | Crear | Villager (Male) |
| 5:04 | Crear | Villager (Male) |
| 5:05 | Crear | Villager (Male) |
| 6:16 | Crear | Villager (Male) |
| 6:53 | Crear | Villager (Male) |
| 6:53 | Crear | Villager (Male) |
| 6:53 | Crear | Villager (Male) |
| 6:53 | Crear | Villager (Male) |
| 7:17 | Crear | Villager (Male) |
| 7:17 | Crear | Villager (Male) |
| 8:16 | Construir | Mining Camp |
| 8:31 | Investigar | Feudal Age |
| 10:06 | Crear | Villager (Male) |
| 10:06 | Crear | Villager (Male) |
| 10:43 | Edad | Edad Feudal |
| 10:45 | Construir | Market |
| 10:49 | Construir | Blacksmith |
| 11:36 | Investigar | Castle Age |
| 11:49 | Investigar | Double-Bit Axe |
| 12:12 | Crear | Villager (Male) |
| 12:12 | Crear | Villager (Male) |
| 12:27 | Construir | House |
| 12:30 | Construir | House |
| 12:31 | Construir | House |
| 12:33 | Construir | House |
| 12:39 | Investigar | Horse Collar |
| 13:06 | Construir | Mining Camp |
| 14:08 | Construir | Stone Wall |
| 14:16 | Edad | Edad de los Castillos |
| 14:41 | Construir | Town Center |
| 14:45 | Crear | Villager (Male) |
| 14:48 | Investigar | Bow Saw |
| 15:01 | Construir | House |
| 15:05 | Construir | House |
| 15:18 | Construir | Farm |
| 15:24 | Crear | Villager (Male) |
| 15:41 | Construir | Farm |
| 15:58 | Crear | Villager (Male) |
| 15:58 | Crear | Villager (Male) |
| 16:03 | Construir | Farm |
| 16:06 | Construir | Farm |
| 16:18 | Construir | House |
| 16:19 | Crear | Villager (Male) |
| 16:20 | Crear | Villager (Male) |
| 16:27 | Construir | Farm |
| 16:33 | Construir | Farm |
| 16:44 | Construir | Farm |
| 16:49 | Crear | Villager (Male) |
| 16:49 | Crear | Villager (Male) |
| 16:54 | Construir | House |
| 17:00 | Construir | Farm |
| 17:02 | Construir | Farm |
| 17:17 | Crear | Villager (Male) |
| 17:17 | Crear | Villager (Male) |
| 17:23 | Construir | Farm |
| 17:24 | Construir | Farm |
| 17:26 | Construir | Farm |
| 17:27 | Construir | Farm |
| 17:28 | Construir | Farm |
| 17:32 | Construir | Farm |
| 17:35 | Crear | Villager (Male) |
| 17:35 | Crear | Villager (Male) |
| 17:36 | Crear | Villager (Male) |
| 17:45 | Construir | House |
| 17:47 | Construir | House |
| 17:53 | Crear | Villager (Male) |
| 17:53 | Crear | Villager (Male) |
| 17:53 | Crear | Villager (Male) |
| 17:53 | Crear | Villager (Male) |
| 17:59 | Construir | Farm |
| 18:04 | Construir | Farm |
| 18:06 | Crear | Villager (Male) |
| 18:06 | Crear | Villager (Male) |
| 18:06 | Crear | Villager (Male) |
| 18:06 | Crear | Villager (Male) |
| 18:16 | Construir | Farm |
| 18:21 | Crear | Villager (Male) |
| 18:29 | Construir | Farm |
| 18:38 | Crear | Villager (Male) |
| 18:38 | Crear | Villager (Male) |
| 18:46 | Construir | Farm |
| 18:52 | Construir | Farm |
| 18:52 | Construir | Farm |
| 18:54 | Crear | Villager (Male) |
| 19:02 | Construir | House |
| 19:02 | Construir | House |
| 19:11 | Crear | Villager (Male) |
| 19:11 | Crear | Villager (Male) |
| 19:24 | Construir | Castle |
| 19:26 | Crear | Villager (Male) |
| 19:27 | Crear | Villager (Male) |
| 19:27 | Crear | Villager (Male) |
| 19:33 | Construir | Farm |
| 19:34 | Construir | Farm |
| 19:38 | Crear | Villager (Male) |
| 19:39 | Crear | Villager (Male) |
| 19:39 | Crear | Villager (Male) |
| 19:50 | Crear | Villager (Male) |
| 19:51 | Crear | Villager (Male) |
| 19:55 | Construir | Farm |
| 19:58 | Construir | Farm |
| 20:00 | Crear | Villager (Male) |
| 20:00 | Crear | Villager (Male) |
| 20:01 | Crear | Villager (Male) |
| 20:06 | Construir | House |
| 20:07 | Construir | House |
| 20:08 | Construir | House |
| 20:12 | Crear | Villager (Male) |
| 20:12 | Crear | Villager (Male) |
| 20:13 | Crear | Villager (Male) |
| 20:19 | Construir | Farm |
| 20:30 | Construir | Farm |
| 20:32 | Crear | Villager (Male) ×3 |
| 20:32 | Crear | Villager (Male) ×3 |
| 20:32 | Crear | Villager (Male) ×3 |
| 20:56 | Crear | Villager (Male) |
| 20:56 | Crear | Villager (Male) |
| 20:56 | Crear | Villager (Male) |
| 20:56 | Crear | Villager (Male) |
| 21:07 | Construir | Building 487 |
| 21:15 | Construir | Building 487 |
| 21:21 | Construir | Building 487 |
| 21:24 | Crear | Villager (Male) |
| 21:25 | Crear | Villager (Male) |
| 21:25 | Crear | Villager (Male) |
| 21:40 | Construir | Town Center |
| 21:46 | Crear | Villager (Male) |
| 21:47 | Crear | Villager (Male) |
| 21:47 | Crear | Villager (Male) |
Cronología de la partida
| 4:41 | email_to_mihai · wall_segment Palisade Wall x28 |
| 7:33 | Kedyros · wall_segment Palisade Wall x30 |
| 7:40 | Kedyros · wall_segment Palisade Wall x3 |
| 7:49 | email_to_mihai · wall_segment Palisade Wall x1 |
| 9:28 | KIK 9 · first_building Barracks |
| 10:04 | Kedyros · age_up feudal |
| 10:26 | email_to_mihai · first_building Barracks |
| 10:43 | ihhn0t · age_up feudal |
| 11:11 | WarLorD · wall_segment Palisade Wall x1 |
| 11:12 | WarLorD · age_up feudal |
| 12:17 | 老朱 · age_up feudal |
| 12:56 | KIK 9 · age_up feudal |
| 13:12 | KIK 9 · wall_segment Stone Wall x23 |
| 13:17 | EvilWouter · age_up feudal |
| 13:48 | Itas · age_up feudal |
| 14:08 | ihhn0t · wall_segment Stone Wall x31 |
| 14:16 | ihhn0t · age_up castle |
| 14:26 | email_to_mihai · age_up feudal |
| 14:27 | ihhn0t · first_market_sell 100 wood |
| 14:29 | ihhn0t · first_market_buy 100 stone |
| 15:22 | email_to_mihai · first_building Archery Range |
| 16:00 | Kedyros · first_market_buy 100 food |
| 16:01 | WarLorD · age_up castle |
| 16:52 | 老朱 · age_up castle |
| 17:13 | KIK 9 · first_building Stable |
| 18:30 | EvilWouter · wall_segment Stone Wall x26 |
| 19:24 | ihhn0t · first_building Castle |
| 19:37 | EvilWouter · age_up castle |
| 20:13 | Itas · age_up castle |
| 20:19 | Kedyros · age_up castle |
| 21:08 | email_to_mihai · age_up castle |
| 21:25 | Kedyros · first_building Castle |
| 21:41 | EvilWouter · first_building Castle |
| 22:40 | email_to_mihai · first_building Castle |
| 23:06 | email_to_mihai · wall_segment Stone Wall x5 |
| 23:46 | KIK 9 · age_up castle |
| 23:49 | EvilWouter · wall_segment Stone Wall x20 |
| 23:58 | EvilWouter · wall_segment Stone Wall x5 |
| 23:59 | KIK 9 · first_building Castle |
| 24:30 | email_to_mihai · first_building Siege Workshop |
| 24:35 | ihhn0t · first_building Barracks |
| 24:42 | EvilWouter · first_building Barracks |
| 24:59 | Kedyros · first_building Monastery |
| 25:27 | ihhn0t · first_building Monastery |
| 25:40 | EvilWouter · first_building Stable |
| 26:31 | WarLorD · first_building Castle |
| 27:01 | ihhn0t · first_building Siege Workshop |
| 27:46 | 老朱 · first_building Castle |
| 29:03 | Itas · first_building Castle |
| 29:32 | EvilWouter · first_building Monastery |
| 29:32 | WarLorD · first_building Siege Workshop |
| 29:52 | Itas · first_market_buy 100 food |
| 30:03 | Kedyros · first_building Barracks |
| 30:09 | Kedyros · first_building Siege Workshop |
| 30:17 | ihhn0t · age_up imperial |
| 31:35 | Kedyros · age_up imperial |
| 31:43 | KIK 9 · age_up imperial |
| 31:56 | 老朱 · first_building Barracks |
| 32:13 | Itas · first_building Siege Workshop |
| 32:21 | WarLorD · age_up imperial |
| 33:14 | 老朱 · first_building Stable |
| 33:18 | 老朱 · first_building Archery Range |
| 33:18 | email_to_mihai · age_up imperial |
| 33:20 | Itas · age_up imperial |
| 33:47 | 老朱 · age_up imperial |
| 35:29 | KIK 9 · wall_segment Stone Wall x25 |
| 38:35 | EvilWouter · first_building Siege Workshop |
| 39:31 | KIK 9 · first_building Siege Workshop |
| 43:14 | EvilWouter · age_up imperial |
| 48:40 | email_to_mihai · first_market_sell 500 food |
| 48:45 | email_to_mihai · first_market_buy 100 wood |
| 48:48 | WarLorD · first_building Barracks |
| 50:52 | WarLorD · first_building Archery Range |
| 53:56 | WarLorD · first_market_sell 500 food |
| 54:38 | WarLorD · first_building Stable |
| 56:21 | EvilWouter · tribute_sent a jugador 2 |
| 56:21 | EvilWouter · tribute_sent a jugador 3 |
| 56:21 | EvilWouter · tribute_sent a jugador 4 |
| 56:21 | EvilWouter · tribute_sent a jugador 5 |
| 56:21 | EvilWouter · tribute_sent a jugador 6 |
| 56:21 | EvilWouter · tribute_sent a jugador 7 |
| 56:21 | EvilWouter · tribute_sent a jugador 8 |
| 61:07 | 老朱 · first_market_sell 500 wood |
| 66:26 | Kedyros · first_market_sell 100 wood |
| 69:16 | email_to_mihai · resign |
[ ANÁLISIS IA · 1 CRÉDITO ]
¿Qué pasó realmente en esta partida?
Wolo.gg analiza cada decisión: build order, eco, micro, errores típicos por bracket. Análisis personalizado por WhatsApp o Discord en 30 segundos.
Guía civ
Portugueses
Guía mapa
Amazon Tunnel
Perfil
Itas